 Dungeon Crawl Stone Soup version 0.23.2-33-g5129a83184 (webtiles) character file.

Game seed: 16415452126479093156

392 H0rd4k the Thaumaturge (level 6, -3/32 HPs)
             Began as a Deep Elf Wizard on July 9, 2019.
             Was a Follower of Sif Muna.
             Hit by a stone thrown by a gnoll (7 damage)
             ... on level 5 of the Dungeon.
             The game lasted 00:10:00 (4385 turns).

H0rd4k the Thaumaturge (Deep Elf Wizard)            Turns: 4385, Time: 00:10:01

Health: -3/32      AC:  3    Str:  4    XL:     6   Next: 50%
Magic:  17/19      EV: 13    Int: 25    God:    Sif Muna [*.....]
Gold:   195        SH:  0    Dex: 13    Spells: 15/21 levels left

rFire    . . .     SeeInvis .   t - +5 war axe "Javan" {chop, rPois MR+}
rCold    . . .     Gourm    .   (no shield)
rNeg     . . .     Faith    .   a - +0 robe
rPois    +         Spirit   .   b - +0 hat
rElec    .         Reflect  .   (no cloak)
rCorr    .         Harm     .   o - +0 pair of gloves (curse)
MR       +....                  (no boots)
Stlth    ++........             (no amulet)
HPRegen  0.10/turn              (no ring)
MPRegen  0.16/turn              (no ring)

@: no status effects
A: no striking features
a: Divine Energy, Renounce Religion


You were on level 5 of the Dungeon.
You worshipped Sif Muna.
Sif Muna was aware of your devotion.
You were not hungry.

You visited 2 branches of the dungeon, and saw 6 of its levels.

You collected 195 gold pieces.

Inventory:

Hand Weapons
 t - the +5 war axe "Javan" (weapon) {chop, rPois MR+}
   (You found it on level 4 of the Dungeon)

   It inflicts extra damage upon your enemies.
   It protects you from poison.
   It affects your resistance to hostile enchantments.
 y - the +7 falchion of Ijynwith {venom, rElec rC+++ Int-4 Dex-3}
   (You found it on level 5 of the Dungeon)

   It poisons the flesh of those it strikes.
   It affects your intelligence (-4).
   It affects your dexterity (-3).
   It renders you almost immune to cold.
   It insulates you from electricity.
Armour
 a - a +0 robe (worn)
 b - a +0 hat (worn)
 e - a +2 pair of gloves
 o - a cursed +0 pair of gloves (worn)
Jewellery
 u - an uncursed ring of ice {unknown}
Wands
 w - a wand of clouds (4)
 x - a wand of enslavement (9)
Scrolls
 f - 2 scrolls of amnesia {unknown}
 g - a scroll of enchant weapon {unknown}
 h - a scroll of noise {unknown}
 i - 2 scrolls of teleportation
 l - 3 scrolls of enchant armour {unknown}
 m - a scroll of remove curse {unknown}
 n - a scroll of random uselessness {unknown}
 p - a scroll of identify {unknown}
Potions
 c - 2 potions of cancellation {unknown}
 j - 5 potions of degeneration {unknown}
 k - a potion of lignification {unknown}
 q - a potion of curing {unknown}
 s - a potion of invisibility {unknown}
 v - a potion of mutation {unknown}
Comestibles
 d - 5 rations
 r - 2 chunks of flesh


   Skills:
 + Level 3.1 Dodging
 + Level 3.1 Stealth
 + Level 8.1 Spellcasting
 + Level 3.6 Conjurations
   Level 1.1 Summonings
 + Level 1.1 Translocations
 + Level 1.2 Fire Magic


You had 15 spell levels left.
You knew the following spells:

 Your Spells              Type           Power        Failure   Level  Hunger
a - Magic Dart            Conj           ####         1%          1    None
b - Blink                 Tloc           N/A          6%          2    None
c - Conjure Flame         Conj/Fire      ###.....     6%          3    None

Your spell library contained the following spells:

 Spells                   Type           Power        Failure   Level  Hunger
 Call Imp                 Summ           ###.....     6%          2    None
 Slow                     Hex            ##......     9%          2    None
 Mephitic Cloud           Conj/Pois/Air  ###.....     11%         3    None


Dungeon Overview and Level Annotations

Branches:
Dungeon (5/15)             Temple (1/1) D:4

Altars:
Ashenzari
Dithmenos
Fedhas
Hepliaklqana
Kikubaaqudgha
Nemelex Xobeh
Okawaru
Qazlal
Sif Muna
Trog
Vehumet
Wu Jian
Yredelemnul
The Shining One

Shops:
D:4 ([[[*


Message History

The orc closely misses you. Something hits you. The orc barely misses you.
Your surroundings suddenly seem different.
A gnoll comes into view. It is wielding a +0 halberd. x2
A gnoll comes into view. It is wielding a +0 spear.
Found a ration.
The gnoll shouts! x3
The gnoll barely misses you.
The gnoll throws a stone.
The stone hits you but does no damage.
You see here a stone.
The gnoll hits you from afar with a +0 halberd!
* * * LOW HITPOINT WARNING * * *
Found 16 gold pieces and a throwing net.
An orc comes into view.
The orc shouts!
You hear a shout! x2
An orc comes into view.
An orc wizard comes into view. It is wielding a +2 dagger of venom.
A shadow imp comes into view.
The gnoll throws a stone.
The stone hits you!
You die...

....... #.##..#
#.....(.......#
#o.........#..##
5#...............
........#........
.......#.........
.................
#.....$@.g....%..
#.....###....g...
##.## ##.(g......
#..........
#..........
##..#......
####...... ......
...##.


You could see 3 gnolls, a shadow imp (wandering) and an orc.

Vanquished Creatures
  A scorpion (D:4)
  An orc wizard (D:5)
  An iguana (D:4)
  4 worker ants (D:4)
  5 adders
  3 oozes
  3 adder skeletons (D:4)
  2 worms (D:3)
  6 dart slugs
  2 leopard geckos (D:3)
  12 orcs
  5 bats
  6 giant cockroaches
  10 goblins
  9 hobgoblins
  3 jackals (D:5)
  8 kobolds
  5 quokkas
  5 frilled lizards
  9 rats
100 creatures vanquished.

Notes
Turn   | Place    | Note
-------+----------+-------------------------------------------
     0 | D:1      | H0rd4k the Deep Elf Wizard began the quest for the Orb.
     0 | D:1      | Reached XP level 1. HP: 10/10 MP: 7/7
   158 | D:1      | Reached skill level 5 in Spellcasting
   247 | D:1      | Reached XP level 2. HP: 15/15 MP: 1/10
   632 | D:1      | Reached XP level 3. HP: 19/19 MP: 9/12
   636 | D:1      | Learned a level 2 spell: Blink
   640 | D:1      | Learned a level 3 spell: Conjure Flame
  1160 | D:2      | Reached skill level 6 in Spellcasting
  1233 | D:2      | Found a deep blue altar of Sif Muna.
  1246 | D:2      | Became a worshipper of Sif Muna the Loreminder
  1274 | D:2      | Reached XP level 4. HP: 20/24 MP: 8/14
  1357 | D:2      | Found an iron altar of Okawaru.
  1493 | D:3      | Reached skill level 1 in Fire Magic
  2297 | D:3      | Found a faded altar of an unknown god.
  2595 | D:3      | Found a sparkling altar of Nemelex Xobeh.
  2940 | D:4      | Found Pini Xeol's Armour Shop.
  2956 | D:4      | Reached XP level 5. HP: 28/28 MP: 10/16
  3235 | D:4      | Found a staircase to the Ecumenical Temple.
  3305 | D:4      | Reached skill level 7 in Spellcasting
  3391 | D:4      | Got a jewelled war axe
  3392 | D:4      | Identified the +5 war axe "Javan" {chop, rPois MR+} (You
                  | found it on level 4 of the Dungeon)
  3458 | D:4      | Reached * piety under Sif Muna
  3458 | D:4      | Reached XP level 6. HP: 32/32 MP: 10/18
  3546 | D:4      | Found Nuck's Weapon Boutique.
  3558 | D:4      | Found Siyrhy's Antique Armour Shop.
  3669 | D:4      | Found a sparkling altar of Nemelex Xobeh.
  3707 | D:4      | Found Sasusyt's Antique Armour Boutique.
  3829 | D:4      | Found a stormy altar of Qazlal.
  4047 | D:4      | Found Oquhan's Assorted Antiques.
  4110 | D:5      | Entered Level 5 of the Dungeon
  4110 | D:5      | Found a shadowy altar of Dithmenos.
  4122 | D:5      | Got a transparent falchion
  4123 | D:5      | Identified the +7 falchion of Ijynwith {venom, rElec rC+++
                  | Int-4 Dex-3} (You found it on level 5 of the Dungeon)
  4137 | D:5      | Reached skill level 8 in Spellcasting
  4205 | Temple   | Entered the Ecumenical Temple
  4385 | D:5      | Hit by a stone thrown by a gnoll

Skill      XL: |  1  2  3  4  5  6 |
---------------+-------------------+-----
Spellcasting   | 5 6 7 8 |  8.1
Conjurations   | 2 3 |  3.6
Fire Magic     | 1 |  1.2
Stealth        | 3 |  3.1
Dodging        | 3 |  3.1
Summonings     | |  1.1
Translocations | |  1.1

Action                   |  1- 3 |  4- 6 || total
-------------------------+-------+-------++-------
Melee: Unarmed           |     2 |       ||     2
 Cast: Magic Dart        |   109 |   202 ||   311
       Conjure Flame     |       |     6 ||     6
       Blink             |       |     1 ||     1
  Use: Scroll            |       |     1 ||     1
  Eat: Chunk             |       |     7 ||     7
       Ration            |       |     1 ||     1
Armor: Robe              |    13 |    11 ||    24
Dodge: Dodged            |    29 |    46 ||    75
